 Dungeon Crawl Stone Soup version 0.32-a0-921-g04a7ad8e02 (webtiles) character file.

Game seed: 12761453645729365988

330 mopl the Magician (level 6, 0/36 HPs)
             Began as an Octopode Hedge Wizard on Apr 11, 2024.
             Killed from afar by an orc wizard (9 damage)
             ... with a puff of flame
             ... on level 4 of the Dungeon.
             The game lasted 00:04:51 (2827 turns).

mopl the Magician (Octopode Hedge Wizard)           Turns: 2827, Time: 00:04:52

Health: 0/36       AC:  1    Str:  9    XL:     6   Next: 51%
Magic:  1/13       EV: 12    Int: 18    God:
Gold:   126        SH:  0    Dex: 12    Spells: 8/14 levels left

rFire   . . .        a - +2 dagger (flame)
rCold   . . .        (no shield)
rNeg    . . .        b - +0 hat
rPois   .            (no amulet)
rElec   .            n - ring of willpower
rCorr   .            (no ring)
SInv    .            (no ring)
Will    +....        (no ring)
Stlth   +++          (no ring)
HPRegen 0.26/turn    (no ring)
MPRegen 0.13/turn    (no ring)
                     (no ring)

%: no passive effects
@: no status effects
A: almost no armour, amphibious, 8 rings, camouflage 1, gelatinous body 1,
(nimble swimmer 1), tentacles
a: no special abilities


You were on level 4 of the Dungeon.
You visited 2 branches of the dungeon, and saw 5 of its levels.

You collected 270 gold pieces.
You spent 144 gold pieces at shops.

Inventory:

Hand Weapons
 a - a +2 dagger of flaming (weapon)
Missiles
 h - 3 poisoned darts
Armour
 b - a +0 hat (worn)
 g - a +0 kite shield
 o - an orb of energy
Magical Staves
 f - a staff of death
Jewellery
 n - a ring of willpower (left tentacle)
 u - an amulet of faith {!P}
Scrolls
 d - a scroll of enchant armour {unknown}
 e - 3 scrolls of revelation {unknown}
 j - a scroll of fog {unknown}
 k - 3 scrolls of immolation {unknown}
 l - 4 scrolls of identify {unknown}
 m - 2 scrolls of silence {unknown}
 q - a scroll of fear {unknown}
 r - 2 scrolls of poison {unknown}
 s - a scroll of teleportation {unknown}
 v - a scroll of enchant weapon {unknown}
 w - a scroll of summoning {unknown}
Potions
 c - a potion of magic
 i - a potion of curing
 p - 3 potions of might
 t - a potion of attraction


   Skills:
 - Level 2.0 Dodging
 - Level 2.6 Stealth
 * Level 4.7 Spellcasting
 * Level 4.0 Conjurations
 - Level 1.0 Summonings
 + Level 2.8 Translocations


You had 8 spell levels left.
You knew the following spells:

 Your Spells              Type           Power      Damage    Failure   Level
a - Magic Dart            Conj           72%        1d6       2%          1
c - Mephitic Cloud        Conj/Alch/Air  9%         N/A       24%         3
e - Blink                 Tloc           28%        N/A       6%          2

Your spell library contained the following spells:

 Spells                   Type           Power      Damage    Failure   Level
 Kiss of Death            Conj/Necr      44%        2d8       6%          1
 Slow                     Hex            16%        N/A       14%         1
 Call Imp                 Summ           14%        N/A       14%         2
 Cigotuvi's Dreadful Rot  Necr/Alch/Air  8%         N/A       21%         2
 Confusing Touch          Hex            4%         N/A       38%         3
 Inner Flame              Hex/Fire       4%         N/A       38%         3
 Flame Wave               Conj/Fire      11%        2d6       52%         4
 Dispel Undead            Necr           4%         3d7       80%         4
 Sticky Flame             Fire/Alch      4%         2d4       80%         4


Dungeon Overview and Level Annotations

Branches:
Dungeon (4/15)             Temple (1/1) D:4

Altars:
Ashenzari
Cheibriados
Dithmenos
Elyvilon
Fedhas
Gozag
Hepliaklqana
Kikubaaqudgha
Makhleb
Okawaru
Qazlal
Sif Muna
Trog
Uskayaw
Yredelemnul
Zin
The Shining One

Shops:
D:3 !


Innate Abilities, Weirdness & Mutations

You cannot wear most types of armour.
You are amphibious.
You can wear up to eight rings at the same time.
Your skin changes colour to match your surroundings (Stealth+).
Your rubbery body absorbs attacks. (AC +1, EV +1)
((You are camouflaged when in or above water. (Stealth+)))
You have tentacles for arms and can constrict up to eight enemies at once.


Message History

Aiming: Magic Dart (safe; 2% risk of failure)
Press: ? - help, Shift-Dir - straight line, f/p - orc
Aim: an orc, wielding a +0 mace and wearing a +0 ring mail (100% to hit)
The magic dart hits something but does no damage.
Something hits you.
Unknown command.
Casting: Magic Dart (safe; 2% risk of failure)
Confirm with . or Enter, or press ? or * to list all spells.
Aiming: Magic Dart (safe; 2% risk of failure)
Press: ? - help, Shift-Dir - straight line, f/p - orc
Aim: an orc, wielding a +0 mace and wearing a +0 ring mail (100% to hit)
The magic dart hits something.
Something hits you.
* * * LOW HITPOINT WARNING * * *
Unknown command.
Casting: Magic Dart (safe; 2% risk of failure)
Confirm with . or Enter, or press ? or * to list all spells.
Aiming: Magic Dart (safe; 2% risk of failure)
Press: ? - help, Shift-Dir - straight line, f/p - orc
Aim: an orc, wielding a +0 mace and wearing a +0 ring mail (100% to hit)
The magic dart hits something but does no damage.
Something hits you.
* * * LOW HITPOINT WARNING * * *
Unknown command.
Casting: Magic Dart (safe; 2% risk of failure)
Confirm with . or Enter, or press ? or * to list all spells.
You don't have enough magic to cast this spell.
Unknown command.
Unknown command.
You miss something. Something completely misses you.
You closely miss something. Your squeeze misses something. Something hits you.
* * * LOW HITPOINT WARNING * * *
You aren't carrying any items that you can evoke.
You closely miss something. You squeeze something. Something hits you.
* * * LOW HITPOINT WARNING * * *
You feel better. Something completely misses you.
You hit something. You burn something.
You hear some strange, mumbled words.
A puff of flame appears from out of thin air!
The puff of flame hits you!
You die...

# #.###.....# # #.#
#..>..# # #.# #.....# #
#.# #.....# # #
#.#####.### .# #
#...##...# ..## #
#....#.ß.# ..... #
#...##...####...... #
#....##.##.@{o.....
#######.####....##)(...>
........# ###### ...>.
######### .... ... .. #


You could see an orc.

Vanquished Creatures
  A bombardier beetle (D:3)
  2 hounds (D:4)
  An orc priest (D:3)
  An orc wizard (D:4)
  Terence (D:3)
  6 adders
  A dart slug (D:1)
  3 ribbon worms
  14 orcs
  3 endoplasms
  4 giant cockroaches
  8 hobgoblins
  4 jackals (D:2)
  4 kobolds
  2 quokkas
  4 ball pythons
  6 bats
  6 frilled lizards
  7 goblins
  3 rats
81 creatures vanquished.

Notes
Turn   | Place    | Note
-------+----------+-------------------------------------------
     0 | D:1      | mopl the Octopode Hedge Wizard began the quest for the Orb.
     0 | D:1      | Reached XP level 1. HP: 11/11 MP: 4/4
   107 | D:1      | Reached XP level 2. HP: 17/17 MP: 4/6
   131 | D:1      | Learned a level 2 spell: Blink
   461 | D:1      | Reached XP level 3. HP: 21/21 MP: 2/7
   733 | D:2      | Reached skill level 2 in Conjurations
   881 | D:2      | Learned a level 3 spell: Mephitic Cloud
  1108 | D:2      | Reached XP level 4. HP: 27/27 MP: 2/9
  1543 | D:3      | Found Tib Walu's Distillery.
  1547 | D:3      | Bought a potion of curing for 36 gold pieces
  1547 | D:3      | Bought 2 potions of degeneration for 24 gold pieces
  1547 | D:3      | Bought a potion of might for 48 gold pieces
  1547 | D:3      | Bought a potion of attraction for 36 gold pieces
  1562 | D:3      | Reached skill level 2 in Translocations
  1803 | D:3      | Reached skill level 4 in Spellcasting
  1803 | D:3      | Reached skill level 3 in Conjurations
  1803 | D:3      | Reached XP level 5. HP: 31/31 MP: 9/11
  1813 | D:3      | Found a glowing silver altar of Zin.
  1815 | D:3      | Noticed Terence
  1833 | D:3      | Found a burning altar of Makhleb.
  2217 | D:3      | Reached XP level 6. HP: 10/36 MP: 10/12
  2380 | D:4      | Noticed a black bear
  2638 | D:3      | Killed Terence
  2639 | D:3      | Reached skill level 4 in Conjurations
  2773 | D:4      | Found a staircase to the Ecumenical Temple.
  2782 | Temple   | Entered the Ecumenical Temple
  2825 | D:4      | HP: 1/36 [something (2)]
  2827 | D:4      | Killed from afar by an orc wizard

Illustrated notes

Levels and vault maps discovered:
D:1:      tekkud_arrival_beachfront_property, layout_rooms, serial_aquarium,
          aquarium_bridge_straight [aquarium_subvault_bridge,
          aquarium_subvault_wall, aquarium_subvault_bridge,
          aquarium_subvault_wall], aquarium_bridge_island_small
          [aquarium_subvault_small_open, aquarium_subvault_wall,
          aquarium_subvault_balcony, aquarium_subvault_balcony,
          aquarium_subvault_bridge], aquarium_window_corridor_2,
          aquarium_window_fake, aquarium_window_double, aquarium_view_4,
          aquarium_balcony_1b
D:2:      layout_basic
D:3:      layout_rooms, nicolae_overflow_hidden_temple, bloody_makhleb,
          serial_shops, shop, uniq_terence
D:4:      layout_loops_ring, minmay_temple_entry_antechambers, serial_shops,
          shop
Temple:   eino_wide_crystal_templ

Skill      XL: |  1  2  3  4  5  6 |
---------------+-------------------+-----
Conjurations   | 2 3 4 |  4.0
Translocations | 2 |  2.8
Spellcasting   | 4 |  4.7
Dodging        | |  2.0
Stealth        | |  2.6
Summonings     | |  1.0

Action                     |  1- 3 |  4- 6 || total
---------------------------+-------+-------++-------
  Melee: Dagger            |    31 |    52 ||    83
         Constrict         |    11 |    13 ||    24
         Tentacles         |    10 |    12 ||    22
   Cast: Magic Dart        |    57 |   105 ||   162
    Use: Potion            |       |     1 ||     1
   Stab: Sleeping          |       |     2 ||     2
 Armour: Skin              |    18 |    43 ||    61
  Dodge: Dodged            |    17 |    27 ||    44

Table legend: (Time is in decaauts)
 A = Elapsed time spent in this place.
 B = Non-inter-level travel time spent in this place.
 C = Inter-level travel time spent in this place.
 D = Time resting spent in this place.
 E = Time spent auto-exploring this place.
 F = Levels seen in this place.
 G = Mean time per level.
                   A        B        C        D        E       F      G
               +--------+--------+--------+--------+--------+-----+--------+
         Total |   2830 |   2723 |    107 |    675 |   1519 |   5 |  566.0 |
       Dungeon |   2829 |   2723 |    106 |    675 |   1519 |   4 |  707.2 |
        Temple |      1 |      1 |      0 |      0 |      0 |   1 |    1.0 |
               +--------+--------+--------+--------+--------+-----+--------+

Top non-repeatable levels by time:
     D:2: 895 daAuts
     D:3: 782 daAuts
     D:1: 703 daAuts
     D:4: 447 daAuts
  Temple: 1 daAuts
